Map: Winter Madness LE

Players

HoldTheDoor

  • Race: Protoss Protoss
  • League: Diamond
  • Spawn Location: 11:00

RAXON - Winner!

  • Race: Protoss Protoss
  • League: Diamond
  • Spawn Location: 5:00

VOD

Have the link to the VOD?

Description

Time

  • Played on: May 5, 2026, 11:36 a.m.
  • Length: 16:03
Show
View Real Time Build Order
Export as new Build Order

HoldTheDoor Protoss 

Build Orders: Phoenix Opening 

Get SALT Encoding   

  12  0:00  Probe  
  13  0:12  Probe  
  14  0:18  Pylon  
  14  0:24  Probe  
  15  0:32  Probe  
  15  0:40  Gateway, Probe  
  16  0:49  Assimilator  
  17  0:51  Probe  
  18  0:59  Assimilator  
  18  1:06  Probe  
  19  1:18  Probe  
  20  1:22  Gateway  
  20  1:27  Cybernetics Core  
  20  1:34  Pylon  
  20  1:52  Probe  
  21  2:00  Warp Gate  
  21  2:04  Probe  
  21  2:05  Stalker  
  21  2:06  Stalker  
  26  2:16  Pylon  
  26  2:28  Probe  
  27  2:45  Stalker  
  27  2:47  Sentry  
  27  2:48  Pylon  
  31  3:02  Stargate  
  31  3:06  Shield Battery  
  31  3:29  Probe  
  32  3:39  Nexus  
  32  3:40  Shield Battery  
  32  3:41  Probe  
  32  3:48  Phoenix  
  33  3:53  Probe  
  36  4:03  Forge  
  36  4:06  Probe  
  37  4:11  Pylon  
  37  4:20  Phoenix  
  37  4:21  Protoss Ground Weapons Level 1  
  39  4:25  Probe  
  40  4:31  Stalker  
  40  4:38  Probe  
  43  4:49  Phoenix  
  45  5:04  Probe, Photon Cannon  
  46  5:10  Photon Cannon  
  46  5:19  Phoenix  
  46  5:20  Probe  
  49  5:21  Probe  
  50  5:31  Pylon  
  50  5:32  Probe  
  50  5:33  Probe  
  52  5:44  Probe  
  53  5:50  Stalker  
  53  5:51  Protoss Air Weapons Level 1, Stalker  
  53  5:53  Phoenix  
  59  5:58  Probe  
  60  6:06  Probe  
  60  6:09  Assimilator  
  60  6:10  Probe  
  62  6:13  Assimilator  
  62  6:18  Probe  
  63  6:23  Protoss Ground Armor Level 1  
  63  6:30  Stalker x2  
  67  6:36  Gateway  
  67  6:38  Pylon  
  67  6:42  Phoenix  
  69  6:53  Pylon  
  69  6:56  Gateway  
  69  6:59  Gateway  
  69  7:01  Pylon, Stalker  
  69  7:02  Stalker  
  69  7:04  Probe  
  69  7:06  Probe  
  75  7:12  Phoenix  
  75  7:37  Probe  
  75  7:38  Probe  
  75  7:42  Fleet Beacon  
  75  7:43  Pylon  
  77  7:48  Protoss Air Armor Level 1  
  77  7:49  Probe  
  77  7:50  Probe  
  79  8:00  Gateway  
  79  8:02  Stargate  
  79  8:09  Nexus  
  79  8:11  Pylon  
  79  8:15  Twilight Council  
  79  8:18  Probe x2  
  81  8:25  Photon Cannon  
  81  8:28  Pylon  
  81  8:36  Tempest  
  85  8:45  Stalker x2  
  85  8:47  Sentry  
  91  8:55  Tempest  
  91  8:58  Probe  
  91  9:00  Probe  
  97  9:14  Stalker x2  
  97  9:15  Stalker  
  103  9:27  Stalker x3  
  101  9:41  Blink  
  101  9:44  Tempest  
  101  9:48  Probe  
  102  9:53  Probe  
  103  10:00  Probe  
  103  10:05  Photon Cannon, Probe  
  105  10:12  Probe  
  104  10:18  Tempest  
  104  10:19  Probe  
  108  10:24  Stalker x2  
  108  10:25  Stalker x2  
  109  10:37  Stalker x2  
  113  10:46  Photon Cannon  
  113  10:50  Pylon  
  113  10:52  Pylon  
  113  10:58  Probe, Photon Cannon  
  113  10:59  Probe  
  113  11:00  Pylon  
  115  11:04  Pylon  
  115  11:06  Photon Cannon  
  115  11:09  Stalker  
  115  11:11  Sentry  
  119  11:19  Photon Cannon  
  119  11:30  Photon Cannon  
  119  11:34  Photon Cannon  
  115  11:54  Tempest x2  
  119  11:57  Stalker  
  119  11:58  Stalker x4  
  133  12:01  Zealot  
  133  12:02  Probe  
  133  12:06  Protoss Ground Armor Level 2  
  136  12:09  Probe  
  136  12:12  Assimilator  
  136  12:13  Assimilator  
  136  12:14  Probe  
  138  12:16  Charge  
  138  12:21  Probe  
  139  12:26  Probe  
  140  12:33  Probe  
  141  12:38  Stalker x2, Probe  
  141  12:39  Stalker  
  148  12:44  Probe  
  148  12:45  Probe  
  148  12:46  Stalker  
  148  12:51  Probe  
  153  13:00  Photon Cannon  
  153  13:02  Photon Cannon  
  153  13:05  Shield Battery  
  153  13:06  Shield Battery  
  153  13:09  Pylon  
  153  13:10  Pylon  
  153  13:14  Tempest  
  153  13:19  Stalker  
  159  13:21  Sentry  
  103  14:03  Tempest x2  
  105  14:11  Stalker x4  
  105  14:12  Stalker x2  
  105  14:13  Probe  
  108  14:20  Robotics Facility  
  108  14:22  Pylon  
  100  14:24  Gateway  
  100  14:27  Gateway  
  100  14:29  Gateway  
  100  14:32  Gateway  
  100  14:37  Stargate  
  100  14:41  Stargate  
  100  14:45  Stargate  
  100  14:47  Pylon  
  100  14:51  Tempest  
  104  14:56  Tempest  
  108  15:07  Stalker x2  
  108  15:10  Sentry  
  98  15:44  Stalker x6  
  98  15:45  Stalker  
  96  16:00  Pylon  
Show
View Real Time Build Order
Export as new Build Order

RAXON Protoss - Winner!

Build Orders:  

Get SALT Encoding   

  1  0:00  Probe  
  12  0:06  Probe  
  14  0:18  Pylon  
  14  0:22  Probe  
  15  0:36  Probe  
  15  0:38  Gateway  
  16  0:48  Probe  
  17  0:50  Assimilator  
  17  0:54  Assimilator  
  17  1:03  Probe  
  18  1:11  Probe  
  19  1:21  Probe  
  20  1:27  Cybernetics Core  
  20  1:31  Pylon  
  20  1:33  Probe  
  21  1:45  Probe  
  22  1:55  Stalker  
  22  1:57  Probe  
  23  2:05  Shield Battery  
  25  2:10  Probe  
  25  2:14  Warp Gate  
  26  2:22  Probe  
  27  2:34  Probe  
  28  2:37  Nexus  
  27  2:45  Stargate  
  27  2:50  Probe  
  28  2:56  Pylon  
  27  2:58  Stalker  
  29  3:15  Shield Battery  
  29  3:17  Shield Battery  
  29  3:26  Void Ray  
  33  3:42  Probe  
  34  3:54  Probe  
  35  3:57  Probe  
  36  4:04  Protoss Air Weapons Level 1  
  36  4:06  Probe  
  36  4:08  Void Ray  
  36  4:09  Probe  
  42  4:20  Forge  
  42  4:24  Probe x2  
  43  4:39  Probe x2  
  43  4:45  Void Ray  
  49  4:48  Pylon  
  49  4:55  Probe x2  
  49  4:57  Assimilator  
  51  5:01  Assimilator  
  51  5:06  Gateway  
  51  5:10  Probe  
  51  5:11  Probe  
  53  5:17  Photon Cannon  
  53  5:23  Probe x2  
  55  5:30  Stalker  
  55  5:35  Probe x2  
  59  5:46  Pylon  
  59  5:47  Probe  
  59  5:49  Pylon  
  60  5:52  Twilight Council  
  60  6:02  Gateway, Pylon  
  64  6:12  Fleet Beacon  
  64  6:17  Probe x2  
  62  6:29  Stargate  
  62  6:32  Probe x2  
  64  6:39  Photon Cannon  
  64  6:42  Photon Cannon  
  64  6:46  Photon Cannon, Protoss Air Weapons Level 2, Charge  
  60  6:47  Phoenix  
  62  6:56  Anion Pulse-Crystals  
  62  7:00  Probe x2  
  64  7:13  Phoenix  
  66  7:16  Phoenix  
  68  7:27  Nexus  
  65  7:38  Phoenix  
  65  7:41  Phoenix  
  69  7:44  Pylon  
  69  7:46  Pylon  
  69  7:49  Pylon  
  69  7:53  Assimilator  
  69  7:56  Stargate  
  69  7:57  Assimilator  
  69  8:00  Protoss Shields Level 1  
  69  8:05  Photon Cannon  
  69  8:09  Photon Cannon  
  69  8:13  Photon Cannon, Phoenix  
  69  8:16  Photon Cannon  
  71  8:25  Phoenix  
  73  8:42  Phoenix  
  73  8:43  Gateway  
  73  8:44  Phoenix  
  77  8:50  Probe  
  77  8:51  Probe x2  
  77  8:53  Phoenix  
  82  9:05  Probe  
  82  9:06  Probe  
  82  9:07  Phoenix  
  86  9:11  Phoenix  
  88  9:18  Phoenix  
  90  9:38  Probe  
  90  9:39  Probe x2  
  90  9:42  Protoss Air Weapons Level 3  
  93  9:49  Dark Shrine  
  93  9:50  Probe  
  93  9:51  Nexus  
  94  9:58  Probe x2  
  96  10:03  Probe, Pylon  
  96  10:05  Pylon  
  91  10:37  Protoss Shields Level 2, Tempest  
  91  10:38  Tempest x2  
  103  10:43  Probe x2  
  103  10:44  Probe  
  106  10:55  Probe x2  
  106  10:56  Probe  
  109  11:03  Photon Cannon  
  109  11:06  Shield Battery  
  109  11:08  Shield Battery  
  109  11:11  Assimilator  
  109  11:12  Probe x3  
  109  11:15  Assimilator  
  109  11:18  Photon Cannon  
  112  11:20  Tempest, Shield Battery  
  116  11:26  Tempest  
  120  11:39  Stalker  
  121  11:45  Dark Templar x2  
  121  11:46  Dark Templar  
  126  11:50  Archon  
  125  11:58  Nexus  
  125  12:01  Assimilator  
  125  12:04  Assimilator  
  125  12:07  Pylon  
  125  12:09  Pylon  
  125  12:10  Pylon  
  125  12:12  Pylon  
  125  12:14  Pylon  
  125  12:29  Tempest  
  129  12:31  Nexus  
  129  12:32  Photon Cannon  
  129  12:35  Unknown  
  129  12:41  Tempest x2  
  137  12:48  Probe  
  137  12:49  Probe x2  
  140  12:54  Pylon  
  140  13:01  Robotics Facility  
  140  13:04  Pylon  
  140  13:09  Probe x3  
  143  13:14  Gateway  
  143  13:16  Dark Templar, Gateway  
  143  13:17  Dark Templar  
  147  13:21  Probe  
  147  13:22  Pylon  
  148  13:29  Probe x2  
  148  13:30  Probe  
  148  13:31  Protoss Air Armor Level 1  
  148  13:33  Probe  
  152  13:36  Photon Cannon  
  152  13:38  Photon Cannon  
  152  13:40  Photon Cannon  
  151  13:45  Dark Templar x2  
  129  13:57  Tempest x2  
  129  14:00  Dark Templar x2  
  120  14:14  Tempest  
  124  14:17  Probe  
  124  14:18  Probe x3  
  128  14:24  Probe  
  128  14:30  Probe x2  
  131  14:32  Pylon  
  131  14:33  Probe x2  
  131  14:35  Shield Battery x2  
  131  14:36  Shield Battery  
  131  14:37  Probe, Photon Cannon x2, Observer  
  135  14:40  Archon x3  
  135  14:45  Dark Templar x3  
  141  14:51  Archon  
  141  14:52  Dark Templar x2  
  145  14:53  Dark Templar  
  145  14:55  Observer  
  148  15:03  Probe x2  
  150  15:10  Gateway  
  150  15:12  Gateway  
  150  15:21  Photon Cannon  
  150  15:22  Photon Cannon  
  150  15:24  Zealot  
  150  15:25  Assimilator, Dark Templar  
  150  15:26  Dark Templar  
  156  15:29  Assimilator  
  164  15:52  Nexus  
Tags
 
Add a new tag
Caveats
  • Supply blocks, unpowered buildings, or Contaminate may cause inaccurate times.
  • Supply counts are checked every 10 seconds.